 Dungeon Crawl Stone Soup version 0.29.1-2-gbd0b4ee654 (webtiles) character file.

Game seed: 5624904812586657227

1021 safid the Skirmisher (level 8, -1/74 HPs)
             Began as a Minotaur Hunter on Nov 30, 2022.
             Was an Initiate of Okawaru.
             Slain by an unseen horror (6 damage)
             ... on level 5 of the Dungeon.
             The game lasted 00:09:48 (5757 turns).

safid the Skirmisher (Minotaur Hunter)              Turns: 5757, Time: 00:09:48

Health: -1/74      AC: 10    Str: 17    XL:     8   Next: 2%
Magic:  7/7        EV: 10    Int:  6    God:    Okawaru [......]
Gold:   325        SH:  0    Dex: 21    Spells: 7/7 levels left

rFire   . . .      SeeInvis .   u - +0 longbow
rCold   . . .      Faith    .   (shield currently unavailable)
rNeg    . . .      Spirit   .   s - +0 scale mail
rPois   .          Reflect  .   (helmet restricted)
rElec   .          Harm     .   (no cloak)
rCorr   .          Rampage  .   r - +2 pair of gloves
Will    .....                   t - +0 pair of boots
Stlth   +.........              (no amulet)
HPRegen 0.22/turn               f - ring of flight
MPRegen 0.10/turn               g - +6 ring of dexterity

@: marked, flying
A: horns 2, retaliatory headbutt
a: Renounce Religion


You were on level 5 of the Dungeon.
You worshipped Okawaru.
Okawaru was noncommittal.
You visited 2 branches of the dungeon, and saw 7 of its levels.

You collected 325 gold pieces.

Inventory:

Hand Weapons
 a - a +0 shortbow
 u - a +0 longbow (weapon)
Armour
 r - a +2 pair of gloves (worn)
 s - a +0 scale mail (worn)
 t - a +0 pair of boots (worn)
Jewellery
 f - a ring of flight (left hand)
 g - a +6 ring of dexterity (right hand)
 p - a ring of positive energy
Wands
 j - a wand of light (8)
Scrolls
 b - a scroll of brand weapon {unknown}
 c - 3 scrolls of magic mapping {unknown}
 d - 4 scrolls of noise {unknown}
 e - 10 scrolls of identify {unknown}
 i - a scroll of enchant weapon {unknown}
 k - a scroll of teleportation {unknown}
 m - 2 scrolls of torment {unknown}
 o - 4 scrolls of fear {unknown}
 w - 2 scrolls of fog {unknown}
 x - a scroll of poison {unknown}
 y - a scroll of enchant armour {unknown}
Potions
 h - 2 potions of mutation {unknown}
 l - a potion of haste {unknown}
 n - a potion of lignification {unknown}
 q - 4 potions of curing {unknown}
 v - a potion of attraction {unknown}
 z - a potion of degeneration {unknown}
 A - a potion of flight {unknown}
 B - 3 potions of cancellation {unknown}


   Skills:
 - Level 8.0 Fighting
 + Level 8.7 Ranged Weapons
 - Level 2.1 Dodging
 - Level 0.7 Stealth


You had 7 spell levels left.
You didn't know any spells.
Your spell library contained the following spells:

 Spells                   Type           Power      Damage    Failure   Level
 Gell's Gravitas          Tloc           0%         N/A       99%         3
 Teleport Other           Tloc           0%         N/A       99%         3
 Dispersal                Tloc           0%         N/A       100%        6


Dungeon Overview and Level Annotations

Branches:
Dungeon (6/15)             Temple (1/1) D:5

Altars:
Kikubaaqudgha
Makhleb
Okawaru
Sif Muna
Yredelemnul
The Shining One

Annotations:
D:2 1 runed translucent door, Crazy Yiuf
D:6 Dowan, Duvessa


Innate Abilities, Weirdness & Mutations

You have a pair of horns on your head.
You reflexively headbutt those who attack you in melee.


Message History

Aim: a gnoll, wielding a +0 whip (heavily wounded, covering ground quickly, 71% to hit)
You shoot an arrow. The arrow hits the gnoll.
The gnoll is severely wounded.
Something hits you. The gnoll hits you but does no damage. Something hits you.
The gnoll barely misses you.
Fire: u) +0 longbow
Press: ? - help, Q - select action, (/) - cycle Shift-Dir - straight line, f/p - gnoll
Aim: a gnoll, wielding a +0 whip (severely wounded, covering ground quickly, 71% to hit)
You shoot an arrow. The arrow closely misses the gnoll.
Something hits you. The gnoll hits you with a +0 whip.
Something hits you but does no damage.
Fire: u) +0 longbow
Press: ? - help, Q - select action, (/) - cycle Shift-Dir - straight line, f/p - gnoll
Aim: a gnoll, wielding a +0 whip (severely wounded, covering ground quickly, 71% to hit)
You shoot an arrow. The arrow hits the gnoll.
The gnoll is severely wounded.
The gnoll is no longer moving quickly.
Something hits you!
* * * LOW HITPOINT WARNING * * *
The gnoll barely misses you. x2
Fire: u) +0 longbow
Press: ? - help, Q - select action, (/) - cycle Shift-Dir - straight line, f/p - gnoll
Aim: a gnoll, wielding a +0 whip (severely wounded, 71% to hit)
You shoot an arrow. The arrow hits the gnoll!
You kill the gnoll!
Okawaru accepts your kill. Something hits you.
* * * LOW HITPOINT WARNING * * *
Something hits you.
* * * LOW HITPOINT WARNING * * *
Something hits you.
* * * LOW HITPOINT WARNING * * *
Something hits you but does no damage. x2
Something hits you but does no damage. Something hits you.
* * * LOW HITPOINT WARNING * * *
Something hits you but does no damage. Something hits you but does no damage.
Something hits you!
* * * LOW HITPOINT WARNING * * *
Something hits you but does no damage. Something hits you.
You die...

...# ##...P..♣#####.# ##....#
##.####....~~..##....######...#.#
.....##...~~~~..#....#......###.#
.#.#)##.♣~~~♣~P.#...............#
.....[#♣~♣~~♣P..#......#####..###
.#.#.)..♣~~♣~...+...........)....
......#.~~~~...##...#####..#.#.##
#####.#.♣~~♣..#####.# ##.....#
#.......P#..@...# ##.#.#.#
###..♣.....###### ##......#
#....P..## #..###### ###....###
#.## ######...)...# #####.#
.........>...# #.....#
######.......# #.....# #.......#
###.....# #.......# #.......#


There were no monsters in sight!

Vanquished Creatures
  Sigmund (D:4)
  Menkaure (D:4)
  An ogre (D:5)
  A necrophage (D:5)
  A jelly (D:6)
  An orc priest (D:5)
  4 hounds
  An iguana (D:4)
  4 orc wizards
  Robin (D:2)
  8 adders
  10 gnolls
  2 worms
  5 dart slugs
  21 orcs
  5 endoplasms
  2 giant cockroaches (D:1)
  13 goblins (D:2)
  6 hobgoblins
  4 kobolds
  3 quokkas
  7 ball pythons
  4 bats
  6 frilled lizards
  4 rats
116 creatures vanquished.

Vanquished Creatures (others)
  2 plants (D:5)
2 creatures vanquished.

Grand Total: 118 creatures vanquished

Notes
Turn   | Place    | Note
-------+----------+-------------------------------------------
     0 | D:1      | safid the Minotaur Hunter began the quest for the Orb.
     0 | D:1      | Reached XP level 1. HP: 18/18 MP: 0/0
   174 | D:1      | Reached XP level 2. HP: 8/25 MP: 1/1
   857 | D:1      | Reached skill level 5 in Ranged Weapons
   857 | D:1      | Reached XP level 3. HP: 31/31 MP: 2/2
  1103 | D:2      | Noticed Robin
  1116 | D:2      | Killed Robin
  1368 | D:2      | Reached XP level 4. HP: 19/40 MP: 3/3
  1861 | D:2      | Found a faded altar of an unknown god.
  1925 | D:2      | Found a runed translucent door.
  1926 | D:2      | Noticed Crazy Yiuf
  2921 | D:4      | Noticed Menkaure
  2926 | D:4      | Killed Menkaure
  2927 | D:4      | Reached skill level 5 in Fighting
  2927 | D:4      | Reached XP level 5. HP: 48/48 MP: 4/4
  3054 | D:4      | Reached XP level 6. HP: 57/57 MP: 5/5
  3531 | D:4      | Noticed Sigmund
  4406 | D:4      | Killed Sigmund
  4407 | D:4      | Reached XP level 7. HP: 62/66 MP: 6/6
  4793 | D:5      | Entered Level 5 of the Dungeon
  5336 | D:5      | Identified the +6 whip of Ash {vorpal, Str+4}
  5673 | D:5      | Found a staircase to the Ecumenical Temple.
  5679 | Temple   | Entered the Ecumenical Temple
  5685 | Temple   | Became a worshipper of Warmaster Okawaru
  5722 | D:6      | Reached XP level 8. HP: 74/74 MP: 7/7
  5742 | D:6      | Noticed Dowan
  5742 | D:6      | Noticed Duvessa
  5757 | D:5      | Slain by an unseen horror

Illustrated notes

Levels and vault maps discovered:
D:1:      mrwooster_arrival_arrow, layout_loops_corners, nicolae_grassy_gnolls
D:2:      layout_loops_ring, shapermc_ecumenical_altar_notcrosses,
          uniq_crazy_yiuf_cottage, uniq_robin
D:3:      layout_loops_ring
D:4:      layout_gridville, cheibrodos_gnoll_hut, uniq_sigmund, uniq_menkaure
D:5:      layout_basic, minmay_temple_entry_enclosed_plants, serial_glass,
          glass_columns_a, glass_columns_a, serial_bayou_pond_a
D:6:      cheibrodos_barr_body, layout_gridville, st_stairs_4,
          dreamdust_gnoll_farm, uniq_duvessa
Temple:   nicolae_temple_the_god_donut

Skill      XL: |  1  2  3  4  5  6  7 |
---------------+----------------------+-----
Fighting       | 3 4 5 7 8 |  8.0
Ranged Weapons | 5 6 7 8 |  8.7
Dodging        | |  2.1
Stealth        | |  0.7

Action                   |  1- 3 |  4- 6 |  7- 9 || total
-------------------------+-------+-------+-------++-------
 Fire: Shortbow          |    95 |   132 |       ||   227
       Longbow           |       |    26 |    84 ||   110
Armor: Leather armour    |    19 |     5 |       ||    24
       Scale mail        |       |    31 |    33 ||    64
Dodge: Dodged            |    34 |    55 |    33 ||   122
